 Dungeon Crawl Stone Soup version 0.30.1-3-gfc49f6343a (webtiles) character file.

Game seed: 2036081095752419158

16408 Kranky the Fighter (level 12, -6/105 HPs)
             Began as a Formicid Gladiator on July 23, 2023.
             Was a High Priest of Zin.
             Mangled by a fire giant
             ... wielding a +1 great sword of flaming
              (17 damage)
             ... on level 11 of the Dungeon.
             The game lasted 00:36:10 (16341 turns).

Kranky the Fighter (Formicid Gladiator)            Turns: 16341, Time: 00:36:11

Health: -6/105     AC: 18    Str: 17    XL:     12   Next: 69%
Magic:  22/22      EV: 10    Int: 11    God:    Zin [*****.]
Gold:   711        SH: 18    Dex: 21    Spells: 11/11 levels left

rFire   + + .        G - +4 halberd
rCold   x . .        I - +1 tower shield "Ishraib" {rN+ MP+9}
rNeg    + + +        J - +1 fire dragon scales
rPois   +            (helmet unavailable)
rElec   .            (no cloak)
rCorr   .            u - +1 pair of gloves
SInv    +            a - +0 pair of boots
Will    ++...        (no amulet) Stlth
                     b - ring of Asceticism {rPois rN++ Will+ AC+4 Str-4}
HPRegen 0.37/turn    x - +6 ring of dexterity
MPRegen 0.18/turn

%: no passive effects
@: no status effects
A: permanent stasis, dig shafts and tunnels, antennae 3, four strong arms
a: Dig, Shaft Self, Renounce Religion, Recite, Vitalisation, Imprison,
Sanctuary, Donate Gold


You were on level 11 of the Dungeon.
You worshipped Zin.
Zin was extremely pleased with you.
You visited 2 branches of the dungeon, and saw 12 of its levels.
You also visited: Sewer and Bailey.

You collected 810 gold pieces.
You spent 20 gold pieces at shops.
You donated 79 gold pieces to Zin.

Inventory:

Hand Weapons
 e - the +5 broad axe "Sogugudi" {venom, rF++ rC+ Dex-5}
   (You found it on level 7 of the Dungeon)

   Dex:       It affects your dexterity (-5).
   rF:        It greatly protects you from fire.
   rC:        It protects you from cold.
 s - a +0 scythe of venom
 t - a +0 glaive
 G - a +4 halberd (weapon)
Missiles
 c - 4 throwing nets (quivered)
 d - a javelin
Armour
 a - a +0 pair of boots (worn)
 u - a +1 pair of gloves (worn)
 I - the +1 tower shield "Ishraib" (worn) {rN+ MP+9}
   (You found it in a bailey)

   rN:        It protects you from negative energy.
   MP:        It affects your magic capacity (+9).
 J - +1 fire dragon scales (worn)
 K - a +0 plate armour
Jewellery
 b - the ring of Asceticism (left hand) {rPois rN++ Will+ AC+4 Str-4}
   (You found it on level 7 of the Dungeon)

   [ring of protection]

   AC:        It affects your AC (+4).
   Str:       It affects your strength (-4).
   rPois:     It protects you from poison.
   rN:        It greatly protects you from negative energy.
   Will:      It increases your willpower.
 x - a +6 ring of dexterity (right hand)
 D - an amulet of magic regeneration
 H - a ring of magical power
Wands
 i - a wand of digging (3)
 o - a wand of acid (4)
 v - a wand of iceblast (1)
 z - a wand of mindburst (8)
 L - a wand of paralysis (6)
Scrolls
 g - 2 scrolls of immolation {unknown}
 j - a scroll of amnesia
 m - 2 scrolls of fear
 p - a scroll of brand weapon
 r - 5 scrolls of identify
 y - 4 scrolls of enchant armour
 C - 5 scrolls of poison
 F - a scroll of summoning {unknown}
 M - 2 scrolls of fog
Potions
 f - a potion of attraction {unknown}
 h - a potion of heal wounds {unknown}
 k - 6 potions of curing
 l - 2 potions of magic
 n - 7 potions of brilliance
 q - a potion of invisibility {unknown}
 w - a potion of might
 A - a potion of resistance
 B - a potion of cancellation {unknown}
 E - 2 potions of flight
 N - a potion of ambrosia {unknown}


   Skills:
 + Level 13.3 Fighting
 + Level 12.5 Polearms
 - Level 2.6 Throwing
 + Level 6.1 Armour
 - Level 5.9 Dodging
 + Level 7.4 Shields
 + Level 1.9 Invocations


You had 11 spell levels left.
You didn't know any spells.
Your spell library contained the following spells:

 Spells                   Type           Power      Damage    Failure   Level
 Sandblast                Erth           0%         2d4       100%        1
 Passwall                 Tmut/Erth      0%         N/A       100%        2
 Frozen Ramparts          Ice            0%         1d1       100%        3
 Gell's Gravitas          Tloc           0%         N/A       100%        3
 Ignite Poison            Fire/Tmut/Pois 0%         N/A       100%        3
 Stone Arrow              Conj/Erth      0%         3d7       100%        3
 Teleport Other           Tloc           0%         N/A       100%        3
 Tukima's Dance           Hex            0%         N/A       100%        3
 Animate Dead             Necr           0%         N/A       100%        4
 Ice Form                 Ice/Tmut       0%         N/A       100%        4
 Passage of Golubria      Tloc           0%         N/A       100%        4
 Sticky Flame             Conj/Fire      0%         2d3       100%        4
 Summon Ice Beast         Ice/Summ       0%         N/A       100%        4
 Borgnjor's Vile Clutch   Necr/Erth      0%         N/A       100%        5
 Fireball                 Conj/Fire      0%         3d3       100%        5
 Summon Forest            Summ/Tloc      0%         N/A       100%        5
 Yara's Violent Unravell  Hex/Tmut       0%         3d3       100%        5
 Death Channel            Necr           0%         N/A       100%        6
 Dispersal                Tloc           0%         N/A       100%        6
 Ignition                 Fire           0%         3d3       100%        8


Dungeon Overview and Level Annotations

Branches:
Dungeon (11/15)            Temple (1/1) D:5           Sewer (visited)
 Bailey (visited)
   Lair: D:8-11         Orc: D:9-12

Altars:
Ashenzari
Cheibriados
Dithmenos
Elyvilon
Fedhas
Gozag
Hepliaklqana
Kikubaaqudgha
Makhleb
Nemelex Xobeh
Okawaru
Qazlal
Ru
Sif Muna
Trog
Uskayaw
Vehumet
Wu Jian
Xom
Yredelemnul
Zin
The Shining One

Shops:
D:5 *   D:6 !   D:10 (


Innate Abilities, Weirdness & Mutations

You cannot be hasted, slowed, berserked, paralysed or teleported.
You can dig through walls and to a lower floor.
You have a pair of large antennae on your head. (SInv)
Your four strong arms can wield two-handed weapons with a shield.


Message History

You kill the slime creature!
No target in view!
You open the door.
A fire giant comes into view.
It is wielding a +1 great sword of flaming.
The fire giant points at you and mumbles some strange words.
The fireball explodes!
The fireball engulfs you! You resist. The fire giant casts a spell at you.
The bolt of fire hits you! You resist.
You start resting.
A fire giant is nearby!
The fire giant casts a spell at you.
The fireball explodes!
The fireball engulfs you! You resist. The fire giant casts a spell at you.
The bolt of fire hits you! You resist.
You hit the fire giant but do no damage.
You block the fire giant's attack.
The fire giant hits you with a +1 great sword of flaming!!
The fire giant burns you.
You puncture the fire giant!
The fire giant is lightly wounded.
The fire giant hits you with a +1 great sword of flaming!!
* * * LOW HITPOINT WARNING * * *
The fire giant burns you.
* * * LOW HITPOINT WARNING * * *
You hit the fire giant.
The fire giant is lightly wounded.
You block the fire giant's attack.
You completely miss the fire giant.
The fire giant is lightly wounded.
The fire giant casts a spell at you. The bolt of fire hits you! You resist.
* * * LOW HITPOINT WARNING * * *
You hit the fire giant.
The fire giant is moderately wounded.
The fire giant hits you with a +1 great sword of flaming!
* * * LOW HITPOINT WARNING * * *
You completely miss the fire giant.
The fire giant is moderately wounded.
The fire giant hits you with a +1 great sword of flaming!
You die...

##...##'##...##.#
#..##.).#####..#
#..#.....#.....# .
#..#.....'.....#
...... .
#..#.....#.....#
......
..#..##...#####..#
......#
..##..##+## ##.#
...... ...##....#{
#.# #....
#.#.###..+ #@#
#.... ##......##
#C# #....
.##...### { #'#
#.... ..#..## ..#
#.... ..#..# ...#
#.... #...##
....#.# .# #....
#...# ###..#.#+.#
_ #..>. #...#
####....# .. #....
#...# { #....#o..
#....


You could see a fire giant.

Vanquished Creatures
  A deep elf annihilator (D:11)
  2 two-headed ogres (D:8)
  5 orc knights
  An ugly thing (D:7)
  A manticore (D:11)
  A cyclops (D:7)
  Joseph (D:10)
  Maggie (D:9)
  An unseen horror (D:7)
  3 gargoyles (D:7)
  2 trolls
  2 slime creatures
  A shadow (D:10)
  2 wraiths
  6 yaks
  2 wyverns
  7 steam dragons
  An acid dragon (D:8)
  2 water moccasins
  4 sky beasts
  2 ice beasts
  2 black bears
  10 orc warriors
  An ogre (D:5)
  6 centaurs
  Blork the orc (D:4)
  5 bullfrogs
  5 kobold brigands
  4 phantoms
  7 scorpions
  19 wights
  9 killer bees
  A crimson imp (D:6)
  4 orc priests
  A gnoll bouda (D:7)
  2 hounds
  A jelly (D:5)
  2 sleepcaps (D:8)
  9 orc wizards
  Natasha (thrice) (D:3)
  5 iguanas
  13 adders
  3 gnolls (D:7)
  A river rat (D:4)
  A shadow imp (D:8)
  3 white imps
  4 worms
  2 dart slugs
  52 orcs
  6 ball pythons
  5 endoplasms
  6 giant cockroaches
  9 hobgoblins
  10 jackals
  16 kobolds
  7 quokkas
  5 bats
  6 frilled lizards
  13 goblins
  8 rats
315 creatures vanquished.

Notes
Turn   | Place    | Note
-------+----------+-------------------------------------------
     0 | D:1      | Kranky the Formicid Gladiator began the quest for the Orb.
     0 | D:1      | Reached XP level 1. HP: 16/16 MP: 1/1
   105 | D:1      | Reached XP level 2. HP: 22/23 MP: 2/2
   399 | D:1      | Reached XP level 3. HP: 26/28 MP: 3/3
  1157 | D:2      | Reached XP level 4. HP: 20/34 MP: 4/4
  1440 | D:2      | Found a faded altar of an unknown god.
  1453 | D:2      | Reached skill level 3 in Fighting
  1615 | D:2      | Got the Encyclopedia of the Ancient Xenops
  1871 | D:3      | Found a sacrificial altar of Ru.
  1923 | D:3      | Found a broken altar of Ashenzari.
  1987 | D:3      | Noticed a black bear
  1994 | D:3      | Killed a black bear
  1995 | D:3      | Reached skill level 4 in Fighting
  1995 | D:3      | Reached XP level 5. HP: 25/42 MP: 5/5
  2232 | D:3      | Noticed Natasha
  2236 | D:3      | Killed Natasha
  2237 | D:3      | Reached XP level 6. HP: 49/49 MP: 6/6
  2269 | D:3      | Noticed Natasha
  2278 | D:3      | Killed Natasha
  2395 | D:3      | Noticed Sigmund
  2419 | D:3      | Sigmund changed into Sigmund the hobgoblin
  2419 | D:3      | Noticed Sigmund
  2423 | D:3      | Killed Sigmund the hobgoblin
  2770 | D:3      | Noticed Natasha
  2775 | D:3      | Killed Natasha
  2776 | D:3      | Reached skill level 5 in Polearms
  2991 | D:4      | Reached skill level 5 in Fighting
  3062 | D:4      | Reached XP level 7. HP: 36/56 MP: 7/7
  3286 | D:4      | Reached skill level 6 in Fighting
  3296 | D:4      | Noticed Blork the orc
  3301 | D:4      | Killed Blork the orc
  3347 | D:4      | Identified the +1 dagger of Honesty {antimagic, rC+ SInv}
  3435 | D:4      | Reached XP level 8. HP: 61/65 MP: 8/8
  3441 | D:4      | Found a glowing drain.
  3444 | Sewer    | Entered a sewer
  3978 | D:4      | Reached skill level 7 in Fighting
  4369 | D:5      | Entered Level 5 of the Dungeon
  4475 | D:5      | Found a snail-covered altar of Cheibriados.
  4506 | D:5      | Found a staircase to the Ecumenical Temple.
  4528 | Temple   | Entered the Ecumenical Temple
  4799 | D:5      | Found Foashesu's General Store.
  4808 | D:5      | Bought a scroll of identify for 20 gold pieces
  4887 | D:5      | Reached skill level 8 in Fighting
  4898 | D:5      | Reached XP level 9. HP: 65/74 MP: 9/9
  5251 | D:5      | Found a radiant altar of Vehumet.
  5265 | D:5      | Found a glowing silver altar of Zin.
  5270 | D:5      | Found an iron altar of Okawaru.
  5278 | D:5      | Found an ancient bone altar of Kikubaaqudgha.
  5303 | D:5      | Found a shimmering blue altar of Sif Muna.
  5303 | D:5      | Found a white marble altar of Elyvilon.
  5425 | D:5      | Became a worshipper of Zin the Law-Giver
  5425 | D:5      | Reached * piety under Zin
  5855 | D:6      | Reached skill level 9 in Fighting
  6124 | D:6      | Reached ** piety under Zin
  6184 | D:6      | Found a shimmering altar of Xom.
  6370 | D:6      | Found Lodweerr's Distillery.
  6404 | D:6      | Found a hide-covered altar of Uskayaw.
  6487 | D:6      | Found a burning altar of Makhleb.
  6719 | D:7      | HP: 3/78 [gnoll bouda/+0 whip (7)]
  6906 | D:7      | Found a flagged portal.
  7105 | Bailey   | Entered a bailey
  7312 | Bailey   | Noticed an orc knight
  7319 | Bailey   | Reached skill level 10 in Fighting
  7336 | Bailey   | Reached XP level 10. HP: 42/85 MP: 10/10
  7442 | Bailey   | HP: 3/85 [orc warrior/+0 halberd (22)]
  7528 | Bailey   | HP: 2/85 [orc warrior/+0 halberd (15)]
  7540 | Bailey   | HP: 1/85 [orc warrior/+0 halberd (12)]
  7904 | Bailey   | Killed an orc knight
  7905 | Bailey   | Reached skill level 10 in Polearms
  8072 | Bailey   | Reached *** piety under Zin
  8093 | Bailey   | Identified the +1 tower shield "Ishraib" {rN+ MP+9}
  8320 | D:7      | Found a runed translucent door.
  8320 | D:7      | Found a runed translucent door.
  8338 | D:7      | Reached skill level 11 in Fighting
  9252 | D:7      | Noticed a cyclops
  9253 | D:7      | Noticed a gargoyle
  9254 | D:7      | Noticed a gargoyle
  9256 | D:7      | Noticed a gargoyle
  9257 | D:7      | Killed a cyclops
  9257 | D:7      | Noticed an unseen horror
  9265 | D:7      | Noticed a purple ugly thing
  9273 | D:7      | Killed a gargoyle
  9282 | D:7      | HP: 3/89 [gargoyle/stone arrow (13)]
  9290 | D:7      | Zin protects you from harm!
  9292 | D:7      | HP: 3/89 [gargoyle/stone arrow (4)]
  9307 | D:7      | HP: 2/89 [unseen horror (6)]
  9702 | D:7      | Identified the ring of Asceticism {rPois rN++ Will+ AC+4
                  | Str-4}
  9706 | D:7      | Identified the +5 broad axe "Sogugudi" {venom, rF++ rC+
                  | Dex-5}
  9810 | D:6      | Found a shimmering altar of Xom.
 10111 | D:6      | Found Lodweerr's Distillery.
 10144 | D:6      | Found a hide-covered altar of Uskayaw.
 10203 | D:6      | Found a burning altar of Makhleb.
 10472 | D:7      | Killed a purple ugly thing
 10473 | D:7      | Reached skill level 1 in Armour
 10473 | D:7      | Reached skill level 1 in Shields
 10473 | D:7      | Reached XP level 11. HP: 73/95 MP: 11/11
 10628 | D:7      | Reached skill level 12 in Fighting
 11614 | D:8      | Noticed a two-headed ogre
 11624 | D:8      | Killed a two-headed ogre
 11828 | D:8      | Reached **** piety under Zin
 11845 | D:8      | Noticed a two-headed ogre
 11853 | D:8      | Killed a two-headed ogre
 12451 | D:8      | Reached skill level 5 in Shields
 12915 | D:8      | Found a basalt altar of Yredelemnul.
 13394 | D:8      | Reached skill level 5 in Dodging
 13831 | D:9      | Reached XP level 12. HP: 102/103 MP: 12/12
 13850 | D:9      | Reached ***** piety under Zin
 13936 | D:9      | Noticed Maggie
 13948 | D:9      | Killed Maggie
 14044 | D:9      | Found a shadowy altar of Dithmenos.
 14411 | D:10     | Entered Level 10 of the Dungeon
 14411 | D:10     | Noticed Joseph
 14426 | D:10     | Killed Joseph
 14427 | D:10     | Reached skill level 5 in Armour
 14470 | D:10     | Found a stormy altar of Qazlal.
 14583 | D:10     | Reached skill level 13 in Fighting
 14612 | D:10     | Found Daipnax's Antique Weapon Emporium.
 14848 | D:10     | Found a sparkling altar of Nemelex Xobeh.
 16003 | D:11     | Noticed a deep elf annihilator
 16031 | D:11     | Killed a deep elf annihilator
 16032 | D:11     | Reached skill level 1 in Invocations
 16327 | D:11     | Noticed a fire giant
 16341 | D:11     | Mangled by a fire giant

Illustrated notes

Levels and vault maps discovered:
D:1:      dpeg_arrival_central, layout_basic
D:2:      layout_loops_cross, ebering_ecumenical_altar_ruins
D:3:      layout_basic, nicolae_ru_sacrificial_ziggurat,
          ashenzari_conservatory_becter, uniq_natasha, uniq_sigmund
D:4:      layout_loops_cross, gup_sewer_entry_spiral, minmay_ruptured,
          uniq_blork_the_orc
D:5:      layout_rooms, mainiacjoe_overflow_tiny_flanked,
          grunt_temple_overflow_cloverleaf, gammafunk_temple_overflow_statue,
          minmay_temple_entry_glass, serial_shops, shop
D:6:      cheibrodos_steamvent, layout_basic, mainiacjoe_overflow_alcove_1,
          mainiacjoe_overflow_surrounded_room, makhleb_grotto_becter,
          serial_shops, shop, st_stairs_1, hangedman_abyss_or_decor_lesser_grid,
          serial_park_tiny_pond
D:7:      minmay_the_grid_triangle_9x9_recursive_2
          [minmay_the_grid_triangle_9x9_prize_center,
          minmay_the_grid_triangle_9x9_corruption,
          minmay_the_grid_triangle_9x9_tough_junction,
          minmay_the_grid_triangle_9x9_zippers_horizontal],
          layout_loops_corners, enter_bailey_4
D:8:      nzn_winding_woodlands_medium [nzn_winding_woodlands_5x5_three,
          nzn_winding_woodlands_5x15_concentric,
          nzn_winding_woodlands_hourglass,
          nzn_winding_woodlands_5x5_checkerboard,
          nzn_winding_woodlands_center_pierced_h,
          nzn_winding_woodlands_5x5_cross, nzn_winding_woodlands_5x5_default,
          nzn_winding_woodlands_5x15_twine,
          nzn_winding_woodlands_5x5_perimeter], layout_basic,
          mainiacjoe_overflow_brackets, dk_noncrumbling_4
D:9:      layout_rooms, nicolae_dithmenos_shadow_blocks, uniq_maggie
D:10:     layout_cross, nicolae_qazlal_general_emergency,
          nemelex_xobeh_ov_fountains_minmay, serial_shops,
          nicolae_shop_window_shopping, uniq_joseph
D:11:     minmay_box_of_curves, layout_irregular_city, david_orc_5,
          nicolae_hepliaklqana_hippocampus
Temple:   nicolae_temple_bog_church

Skill      XL: |  1  2  3  4  5  6  7  8  9 10 11 12 |
---------------+-------------------------------------+-----
Dodging        | 3 5 |  5.9
Fighting       | 4 5 6 8 10 11 12 13 | 13.3
Polearms       | 4 5 6 7 9 11 12 | 12.5
Armour         | 1 4 6 |  6.1
Shields        | 1 5 7 |  7.4
Invocations    | 1 |  1.9
Throwing       | |  2.6

Action                     |  1- 3 |  4- 6 |  7- 9 | 10-12 || total
---------------------------+-------+-------+-------+-------++-------
  Melee: Trident           |   135 |   134 |       |       ||   269
         Punch             |     2 |     1 |     6 |       ||     9
         Halberd           |       |    29 |   348 |   586 ||   963
 Invoke: Recite            |       |       |       |     1 ||     1
Ability: Dig               |       |       |     3 |       ||     3
  Evoke: Wand              |       |     2 |       |       ||     2
    Use: Scroll            |       |       |    17 |     5 ||    22
         Potion            |       |       |       |     4 ||     4
 Armour: Ring mail         |    63 |    35 |    95 |       ||   193
         Fire dragon scale |       |       |       |   183 ||   183
  Dodge: Dodged            |    87 |    81 |   217 |   142 ||   527
  Block: Tower shield      |       |       |       |   440 ||   440
